 Dungeon Crawl Stone Soup version 0.27-a0-448-gace5c5693b (webtiles) character file.

Game seed: 7466076047191602593

25095 rageheart7 the Fighter (level 12, 0/104 HPs)
             Began as a Demigod Earth Elementalist on Feb 27, 2021.
             Succumbed to a green ugly thing's poison
             ... on level 14 of the Dungeon on Feb 28, 2021.
             The game lasted 01:01:38 (17673 turns).

rageheart7 the Fighter (DgEE)                      Turns: 17673, Time: 01:01:38

Health: 0/104      AC:  9    Str: 17    XL:     12   Next: 51%
Magic:  1/29       EV: 17    Int: 35    God:
Gold:   2004       SH:  0    Dex: 20    Spells: 14/29 levels left

rFire    . . .     SeeInvis .   d - staff of earth
rCold    . . .     Faith    .   (no shield)
rNeg     . . .     Spirit   +   B - +0 acid dragon scales
rPois    +         Reflect  .   (helmet restricted)
rElec    .         Harm     .   (no cloak)
rCorr    +         Rampage  .   F - +0 pair of gloves
Will     +....                  (no boots)
Stlth    ++........             E - amulet of guardian spirit
HPRegen  0.27/turn              h - +6 ring of intelligence
MPRegen  0.21/turn              J - ring "Puivoide" {Str+4 Dex+6}

@: lethally poisoned (0 -> -14)
A: horns 1, high mp 1, poison resistance, MP-powered wands
a: no special abilities


You were on level 14 of the Dungeon.
You visited 1 branch of the dungeon, and saw 15 of its levels.
You also visited: Bailey.

You collected 2004 gold pieces.

Inventory:

Hand Weapons
 D - a +3 spectral quarterstaff
Missiles
 b - 272 stones
Armour
 m - a +0 troll leather armour
 B - +0 acid dragon scales (worn)
 F - a +0 pair of gloves (worn)
 G - the +2 shield of Resistance {rF++ rC++ Will++}
   (You took it off an orc on level 8 of the Dungeon)

   It greatly protects you from fire.
   It greatly protects you from cold.
   It affects your willpower, your defense against some magical effects.
Magical Staves
 d - a staff of earth (weapon)
Jewellery
 f - a ring of willpower
 h - a +6 ring of intelligence (left hand)
 r - a ring of see invisible
 u - a +6 ring of intelligence
 E - an amulet of guardian spirit (around neck)
 J - the ring "Puivoide" (right hand) {Str+4 Dex+6}
   (You found it on level 10 of the Dungeon)

   [ring of dexterity]

   It affects your strength (+4).
   It affects your dexterity (+6).
Wands
 n - a wand of polymorph (10)
 t - a wand of digging (7)
 w - a wand of iceblast (11)
 K - a wand of flame (37)
Scrolls
 c - a scroll of holy word
 g - 3 scrolls of enchant weapon
 i - 3 scrolls of identify
 j - 2 scrolls of fear
 p - 5 scrolls of magic mapping
 s - a scroll of amnesia
 x - 3 scrolls of teleportation
 H - 4 scrolls of vulnerability
Potions
 a - a potion of haste
 e - 2 potions of flight
 l - 5 potions of attraction
 o - a potion of cancellation
 C - 2 potions of mutation
 I - a potion of resistance


   Skills:
 - Level 9.2 Fighting
 - Level 0.2 Staves
 - Level 7.6 Armour
 - Level 7.4 Dodging
 - Level 1.7 Stealth
 - Level 2.7 Shields
 * Level 9.2 Spellcasting
 - Level 2.6 Conjurations
 - Level 1.2 Transmutations
 * Level 9.0 Earth Magic
 * Level 5.3 Evocations


You had 14 spell levels left.
You knew the following spells:

 Your Spells              Type           Power        Failure   Level
a - Sandblast             Erth           100%         1%          1
b - Stone Arrow           Conj/Erth      100%         1%          3
c - Passwall              Tmut/Erth      55%          1%          2
d - Lee's Rapid Deconstr  Erth           43%          2%          5
e - Petrify               Tmut/Erth      67%          4%          4

Your spell library contained the following spells:

 Spells                   Type           Power        Failure   Level
 Sting                    Tmut/Pois      80%          2%          1
 Summon Small Mammal      Summ           64%          3%          1
 Call Imp                 Summ           16%          5%          2
 Poisonous Vapours        Pois/Air       32%          5%          2
 Mephitic Cloud           Conj/Pois/Air  22%          7%          3
 Ignite Poison            Fire/Tmut/Pois 18%          9%          3
 Call Canine Familiar     Summ           16%          11%         3
 Confusing Touch          Hex            16%          11%         3
 Gell's Gravitas          Tloc           8%           11%         3
 Summon Guardian Golem    Hex/Summ       16%          11%         3
 Olgreb's Toxic Radiance  Pois           16%          34%         4
 Summon Ice Beast         Ice/Summ       16%          34%         4
 Summon Lightning Spire   Summ/Air       16%          34%         4
 Yara's Violent Unravell  Hex/Tmut       10%          58%         5
 Metabolic Englaciation   Hex/Ice        8%           67%         5


Dungeon Overview and Level Annotations

Branches:
Dungeon (15/15)            Temple (0/1) D:4            Lair (0/6) D:11
    Orc (0/2) D:12         Bailey (visited)
 Vaults: D:13-14     Depths: D:15

Shops:
D:7 :   D:10 *

Annotations:
D:4 3 runed translucent doors, sraybest's ghost, amateur TrMo
D:9 1 runed translucent door
D:11 Nergalle
D:12 1 runed translucent door, hehateme's ghost, adept HaGl


Innate Abilities, Weirdness & Mutations

You have an increased reservoir of magic. (+10% MP)
You have a pair of small horns on your head.
Your system is resistant to poisons. (rPois)
You expend magic power (3 MP) to strengthen your wands.


Message History

You hit the tengu warrior.
The tengu warrior is lightly wounded.
You feel very sick.
The green ugly thing claws you but does no damage.
The brown ugly thing kicks you.
* * * LOW HITPOINT WARNING * * *
You are splashed with acid!
* * * LOW HITPOINT WARNING * * *
The tengu warrior hits you but does no damage.
The tengu warrior pecks you but does no damage.
The tengu warrior claws you but does no damage.
The green ugly thing basks in the mutagenic energy from its kin and changes!
Okay, then.
Okay, then.
Your magical effects are unravelling.
You feel magically purged.
You feel less wooden.
Your +0 pair of gloves unmelds from your body.
Your +0 acid dragon scales unmelds from your body.
* * * LOW HITPOINT WARNING * * *
You feel sick. The brown ugly thing kicks you!
* * * LOW HITPOINT WARNING * * *
You are splashed with acid.
You resist.
* * * LOW HITPOINT WARNING * * *
The tengu warrior closely misses you.
The tengu warrior pecks you but does no damage.
The tengu warrior barely misses you.
Blink to where?
Press: ? - help, Dir - move target
As you read the scroll of blinking, it crumbles to dust.
* * * LOW HITPOINT WARNING * * *
You feel sick.
Found a stone staircase leading up.
Okay, then.
You feel magically purged.
* * * LOW HITPOINT WARNING * * *
You feel sick.
* * * LOW HITPOINT WARNING * * *
You feel sick.
You die...

## ##. #..####
#<.@..#.
#......#..
###..........
##.u..........
###..u..........
#...............
#Q†..).........
#..[)..........
...
#.†#.........(.
u..


You could see 2 ugly things.

Vanquished Creatures
  An orc warlord (Bailey)
  Harold (D:10)
  The ghost of sraybest the Grappler, a novice TrMo of Okawaru (D:10)
  A centaur warrior (D:12)
  A two-headed ogre (D:12)
  A skeletal warrior (D:10)
  2 unseen horrors
  A wizard (D:14)
  2 deep elf pyromancers (D:12)
  8 ugly things
  A manticore (D:12)
  2 cyclopes
  2 centaur zombies
  A guardian serpent (D:12)
  Maggie (D:6)
  A kobold demonologist (D:15)
  A gargoyle (D:10)
  3 trolls
  Prince Ribbit (D:6)
  2 hornets
  2 slime creatures
  Sigmund (D:6)
  A wraith (D:11)
  Eustachio (D:5)
  2 shadows
  A vampire (D:9)
  5 yaks (D:10)
  3 wyverns
  A neqoxec (D:10)
  The ghost of jiml777 the Gusty, an amateur DsAE (D:3)
  Menkaure (D:5)
  2 acid dragons
  A swamp drake (D:12)
  2 eyes of draining
  9 orc warriors
  8 sky beasts
  2 black bears (D:6)
  4 ice beasts
  9 centaurs
  7 ogres
  2 phantoms
  A kobold brigand (D:10)
  Blork the orc (D:5)
  9 bullfrogs
  A gnoll sergeant (D:9)
  4 scorpions
  A water moccasin zombie (D:5)
  10 killer bees
  20 wights
  An electric eel (D:6)
  4 howler monkeys
  5 hounds
  4 quasits
  2 bullfrog zombies
  6 orc priests
  2 bullfrog skeletons
  6 jellies
  2 centaur skeletons (D:11)
  A gnoll shaman (D:8)
  5 iguanas
  11 worker ants
  14 orc wizards
  A hound zombie (D:5)
  2 hound skeletons
  A worker ant zombie (D:7)
  A howler monkey skeleton (D:10)
  8 gnolls
  20 adders
  4 white imps
  3 ufetubi
  3 oozes
  An adder skeleton (D:4)
  3 worms
  A dart slug (D:1)
  3 leopard geckos
  57 orcs
  10 bats
  7 giant cockroaches
  12 goblins
  9 hobgoblins
  12 jackals
  6 quokkas
  7 frilled lizards
  A jackal skeleton (D:4)
  A jackal zombie (D:5)
  23 kobolds
  A leopard gecko skeleton (D:4)
  A quokka zombie (D:5)
  3 rats (D:1)
410 creatures vanquished.

Vanquished Creatures (others)
  A human (D:14)
  2 fungi (D:11)
  3 plants (D:11)
6 creatures vanquished.

Grand Total: 416 creatures vanquished

Notes
Turn   | Place    | Note
-------+----------+-------------------------------------------
     0 | D:1      | rageheart7 the Demigod Earth Elementalist began the quest
                  | for the Orb.
     0 | D:1      | Reached XP level 1. HP: 14/14 MP: 5/5
   372 | D:1      | Reached skill level 1 in Fighting
   372 | D:1      | Reached XP level 2. HP: 23/23 MP: 5/7
   950 | D:1      | Reached XP level 3. HP: 19/28 MP: 8/8
  1729 | D:2      | You fall into a shaft and drop 1 floor!
  2033 | D:2      | Found a hide-covered altar of Uskayaw.
  2088 | D:3      | Found a runed translucent gate.
  2088 | D:3      | Found a runed translucent gate.
  2089 | D:3      | Noticed jiml777's ghost (amateur DsAE)
  2196 | D:3      | Reached XP level 4. HP: 26/36 MP: 6/10
  2264 | D:3      | Found a runed translucent gate.
  2272 | D:3      | Learned a level 3 spell: Stone Arrow
  2275 | D:3      | Learned a level 2 spell: Passwall
  2300 | D:3      | Found a stormy altar of Qazlal.
  2417 | D:3      | Found a shimmering blue altar of Sif Muna.
  2846 | D:3      | Found an iron altar of Okawaru.
  2852 | D:3      | Found an ancient bone altar of Kikubaaqudgha.
  2923 | D:3      | Killed jiml777's ghost
  2924 | D:3      | Reached XP level 5. HP: 19/42 MP: 2/13
  2938 | D:3      | Reached XP level 6. HP: 7/50 MP: 11/14
  4030 | D:4      | Found a staircase to the Ecumenical Temple.
  4031 | D:4      | Found a runed translucent gate.
  4031 | D:4      | Found a runed translucent gate.
  4032 | D:4      | Found a runed translucent gate.
  4033 | D:4      | Noticed sraybest's ghost (amateur TrMo)
  4105 | D:4      | Found a glowing golden altar of the Shining One.
  4773 | D:5      | Entered Level 5 of the Dungeon
  4775 | D:5      | Reached skill level 5 in Earth Magic
  4775 | D:5      | Reached XP level 7. HP: 57/57 MP: 14/16
  4795 | D:5      | Noticed Menkaure
  4802 | D:5      | Killed Menkaure
  4903 | D:5      | Noticed Blork the orc
  4906 | D:5      | Killed Blork the orc
  5043 | D:5      | Reached skill level 5 in Spellcasting
  5204 | D:5      | Reached skill level 1 in Conjurations
  5342 | D:5      | Reached XP level 8. HP: 39/66 MP: 13/19
  6428 | D:6      | Learned a level 5 spell: Lee's Rapid Deconstruction
  6433 | D:6      | Learned a level 4 spell: Petrify
  6635 | D:6      | Found a shadowy altar of Dithmenos.
  6723 | D:6      | Noticed Sigmund
  6809 | D:6      | Killed Sigmund
  6866 | D:6      | Noticed Maggie
  6873 | D:6      | Killed Maggie
  6874 | D:6      | Reached skill level 5 in Fighting
  6877 | D:6      | Reached XP level 9. HP: 74/74 MP: 4/22
  6882 | D:6      | Noticed Prince Ribbit
  6885 | D:6      | Noticed Eustachio
  6903 | D:5      | Killed Eustachio
  7103 | D:6      | Killed Prince Ribbit
  7987 | D:7      | Reached skill level 1 in Armour
  8071 | D:7      | Found Rosejiok's Book Shop.
  8923 | D:7      | Found a shimmering altar of Xom.
 10136 | D:9      | Found a runed translucent door.
 10136 | D:9      | Noticed a sixfirhy
 10209 | D:9      | Reached XP level 10. HP: 83/83 MP: 22/26
 10228 | D:9      | Reached skill level 1 in Shields
 10235 | D:9      | Found a flagged portal.
 10242 | Bailey   | Entered a bailey
 10269 | Bailey   | Noticed an orc warlord
 10422 | Bailey   | Found a runed translucent gate.
 10422 | Bailey   | Found a runed translucent gate.
 10430 | Bailey   | Found a runed translucent gate.
 10550 | Bailey   | Killed an orc warlord
 10551 | Bailey   | Reached skill level 1 in Transmutations
 10680 | Bailey   | Identified 2 scrolls of acquirement
 10683 | Bailey   | Acquired a staff of earth
 10686 | Bailey   | Acquired 1098 gold pieces
 10934 | D:9      | Found a burning altar of Makhleb.
 10981 | D:9      | Found a burning altar of Makhleb.
 11028 | D:9      | Found a glowing golden altar of the Shining One.
 11143 | D:9      | Reached skill level 1 in Evocations
 11865 | D:9      | Gained mutation: You expend magic power (3 MP) to
                  | strengthen your wands. [potion of mutation]
 11865 | D:9      | Gained mutation: You have a pair of small horns on your
                  | head. [potion of mutation]
 11865 | D:9      | Gained mutation: Your system is resistant to poisons.
                  | (rPois) [potion of mutation]
 11895 | D:10     | Entered Level 10 of the Dungeon
 12099 | D:10     | Reached skill level 5 in Armour
 12274 | D:10     | Noticed a cyclops
 12274 | D:10     | Noticed a purple ugly thing
 12507 | D:10     | Found Oriev's Assorted Antiques.
 12568 | D:10     | Reached skill level 5 in Dodging
 12628 | D:10     | Found a transporter.
 12632 | D:10     | Noticed sraybest's ghost (novice TrMo)
 12663 | D:10     | Noticed Harold
 12670 | D:10     | Reached XP level 11. HP: 92/92 MP: 21/27
 12676 | D:10     | Killed Harold
 12846 | D:10     | Found a transporter.
 13296 | D:10     | Noticed a skeletal warrior
 13298 | D:10     | Killed a skeletal warrior
 13480 | D:10     | Identified the +4 hand axe of Evolution {drain, Fragile rC+
                  | Will+ SInv}
 13618 | D:10     | Killed sraybest's ghost
 13624 | D:10     | Identified the ring "Puivoide" {Str+4 Dex+6}
 14349 | D:11     | Noticed Nergalle
 14386 | D:11     | Killed an unseen horror
 14558 | D:11     | Found a staircase to the Lair.
 15022 | D:12     | Noticed a two-headed ogre
 15035 | D:12     | Noticed a deep elf pyromancer
 15073 | D:12     | Killed a two-headed ogre
 15086 | D:12     | Noticed a centaur warrior
 15169 | D:12     | Killed a centaur warrior
 15336 | D:12     | Killed a deep elf pyromancer
 15403 | D:12     | Reached XP level 12. HP: 59/104 MP: 4/28
 15452 | D:12     | HP: 3/104 [centaur/arrow (8)]
 15877 | D:12     | Found a staircase to the Orcish Mines.
 16261 | D:12     | Found a runed translucent door.
 16261 | D:12     | Found a shimmering altar of Xom.
 16261 | D:12     | Noticed hehateme's ghost (adept HaGl)
 16766 | D:12     | Reached skill level 5 in Evocations
 16853 | D:12     | Identified the +6 dire flail of Wiata {chaos, rF- Str+3
                  | Dex+2}
 17065 | D:13     | Found a viscous altar of Jiyva.
 17139 | D:13     | You fall into a shaft and drop 2 floors!
 17139 | D:15     | Entered Level 15 of the Dungeon
 17670 | D:14     | HP: 4/104 [poisoned by a green ugly thing]
 17672 | D:14     | HP: 1/104 [poisoned by a green ugly thing]
 17673 | D:14     | Succumbed to a green ugly thing's poison

Illustrated notes

Levels and vault maps discovered:
D:1:      lemuel_arrival_hallway, layout_basic, hex_medium
D:2:      layout_rooms, eat_drink_and_be_merry_uskayaw
D:3:      layout_rooms, nicolae_overflow_crystal_walls, minitemple,
          led_sif_book, gammafunk_ghost_necromancy
D:4:      layout_basic, overflow_temple_1_default, minmay_temple_entry_trees,
          gammafunk_ghost_necromancy
D:5:      layout_loops_ring, minmay_joined_circles, uniq_blork_the_orc,
          uniq_menkaure
D:6:      black_bear_nest_2, layout_cave_pools, nicolae_dithmenos_shadow_blocks,
          lightli_minifort, uniq_sigmund, uniq_eustachio, uniq_prince_ribbit1,
          uniq_maggie
D:7:      layout_loops_cross, lemuel_round_altar, serial_shops, shop,
          kennysheep_another_room
D:8:      layout_loops_ring
D:9:      cheibrodos_shockbox, layout_long_grid, marbit_many_paths,
          enter_bailey_3, nzn_life_drinkers
D:10:     minmay_chambers_of_sevens, layout_stronghold, serial_shops,
          kennysheep_mini_moat, gammafunk_ghost_stat_death, uniq_harold
D:11:     layout_rooms, lair_entry_dummy, ebering_ghost_funeral_grove,
          uniq_nergalle
D:12:     layout_rooms, erik_orc_1, ebering_ghost_xom,
          nrook_guardian_serpent_double
D:13:     layout_roguey, jiyva_altar_1
D:14:     layout_cave_pools, ximxim_vaults_locker_room
D:15:     grunt_enter_depths_snipers, layout_loops_ring,
          nicolae_ru_sacrificial_ziggurat, small_chamber_with_monster,
          uniq_louise

Skill      XL: |  1  2  3  4  5  6  7  8  9 10 11 12 |
---------------+-------------------------------------+-----
Earth Magic    | 3 4 5 7 9 |  9.0
Fighting       | 1 2 3 4 5 6 7 9 |  9.2
Spellcasting   | 2 3 4 5 6 8 9 |  9.2
Conjurations   | 1 2 |  2.6
Dodging        | 3 5 7 |  7.4
Armour         | 2 5 7 |  7.6
Shields        | 2 |  2.7
Transmutations | 1 |  1.2
Evocations     | 2 4 5 |  5.3
Staves         | |  0.2
Stealth        | |  1.7

Action                   |  1- 3 |  4- 6 |  7- 9 | 10-12 || total
-------------------------+-------+-------+-------+-------++-------
Melee: Club              |    14 |       |       |       ||    14
       Mace              |    18 |       |       |       ||    18
       Dagger            |    56 |    91 |    71 |       ||   218
       Rapier            |       |       |    53 |    59 ||   112
       Staff             |       |       |       |   214 ||   214
       Headbutt          |       |       |       |    53 ||    53
 Cast: Sandblast         |    35 |    22 |   100 |   178 ||   335
       Stone Arrow       |       |     6 |    62 |   108 ||   176
       Lee's Rapid Decon |       |       |     3 |    39 ||    42
       Petrify           |       |       |       |     3 ||     3
Evoke: Wand              |       |       |       |    14 ||    14
  Use: Scroll            |     3 |     9 |     5 |    15 ||    32
       Potion            |       |     4 |     4 |    16 ||    24
 Stab: Sleeping          |     2 |     2 |     1 |     2 ||     7
       Distracted        |       |       |       |     1 ||     1
       Invisible         |       |       |       |     2 ||     2
Armor: Robe              |    25 |    16 |    11 |       ||    52
       Acid dragon scale |       |       |    28 |   162 ||   190
       Skin              |       |       |       |    70 ||    70
Dodge: Dodged            |    83 |    59 |   101 |   403 ||   646

Table legend: (Time is in decaauts)
 A = Elapsed time spent in this place.
 B = Non-inter-level travel time spent in this place.
 C = Inter-level travel time spent in this place.
 D = Time resting spent in this place.
 E = Time spent auto-exploring this place.
 F = Levels seen in this place.
 G = Mean time per level.
                   A        B        C        D        E       F      G
               +--------+--------+--------+--------+--------+-----+--------+
         Total |  17740 |  17297 |    443 |   6565 |   7529 |  16 | 1108.8 |
       Dungeon |  17293 |  16850 |    443 |   6398 |   7529 |  15 | 1152.9 |
        Bailey |    447 |    447 |      0 |    167 |      0 |   1 |  447.0 |
               +--------+--------+--------+--------+--------+-----+--------+

Top non-repeatable levels by time:
    D:10: 2085 daAuts
    D:12: 1936 daAuts
     D:5: 1665 daAuts
     D:4: 1544 daAuts
     D:1: 1402 daAuts
     D:9: 1319 daAuts
     D:7: 1277 daAuts
     D:6: 1249 daAuts
     D:8: 1178 daAuts
     D:3: 1160 daAuts
    D:11: 1034 daAuts
     D:2: 671 daAuts
  Bailey: 447 daAuts
    D:14: 293 daAuts
    D:15: 245 daAuts
